 Dungeon Crawl Stone Soup version 0.21.1-1-g345015f (webtiles) character file.

119 zishaf the Vexing (level 4, -1/21 HPs)
             Began as a Spriggan Enchanter on May 18, 2018.
             Was an Initiate of Fedhas.
             Killed by divine providence
             ... invoked by an orc priest
              (9 damage)
             ... on level 3 of the Dungeon.
             The game lasted 00:05:00 (3260 turns).

zishaf the Vexing (Spriggan Enchanter)              Turns: 3260, Time: 00:05:00

Health: -1/21      AC:  2    Str:  4    XL:     4   Next: 74%
Magic:  2/11       EV: 18    Int: 17    God:    Fedhas [......]
Gold:   200        SH:  0    Dex: 16    Spells: 9/12 levels left

rFire    . . .     SeeInvis +   a - +1 dagger
rCold    . . .     Gourm    .   (shield restricted)
rNeg     . . .     Faith    .   b - +0 robe
rPois    .         Spirit   .   (helmet restricted)
rElec    .         Reflect  .   (no cloak)
rCorr    .         Harm     .   (gloves unavailable)
MR       .....                  (boots unavailable)
Stlth    +++.......             (no amulet)
HPRegen  0.07/turn              (no ring)
MPRegen  0.12/turn              (no ring)

@: very slightly contaminated, very quick
A: very small, unfitting armour, see invisible, herbivore, speed 3, slow
metabolism 2
a: Fungal Bloom, Renounce Religion


You were on level 3 of the Dungeon.
You worshipped Fedhas.
Fedhas was noncommittal.
You were hungry.

You visited 1 branch of the dungeon, and saw 3 of its levels.

You collected 200 gold pieces.

Inventory:

Hand Weapons
 a - a +1 dagger (weapon)
Armour
 b - a +0 robe (worn)
Jewellery
 t - a +3 ring of evasion {unknown}
Scrolls
 e - 3 scrolls of remove curse {unknown}
 f - 3 scrolls of immolation {unknown}
 g - a scroll of fog {unknown}
 j - 2 scrolls of amnesia {unknown}
 k - a scroll of blinking {unknown}
 m - a scroll of identify {unknown}
 o - a scroll of noise {unknown}
 r - 3 scrolls of fear {unknown}
 u - a scroll of enchant weapon {unknown}
Potions
 h - a potion of flight {unknown}
 i - 2 potions of curing {unknown}
 l - a potion of mutation {unknown}
 n - a potion of might {unknown}
 p - a potion of degeneration {unknown}
 q - a potion of brilliance {unknown}
 s - a potion of experience {unknown}
Books
 c - a book of Maledictions

   Spells                             Type                      Level
   a - Corona                         Hexes                        1
   b - Ensorcelled Hibernation        Hexes/Ice                    2
   c - Confuse                        Hexes                        3
   d - Tukima's Dance                 Hexes                        3
   e - Dazzling Spray                 Conjuration/Hexes            3
Comestibles
 d - 7 rations


   Skills:
 - Level 1.1 Short Blades
 - Level 3.0 Dodging
 - Level 5.0 Stealth
 + Level 4.6 Spellcasting
 + Level 5.2 Hexes


You had 9 spell levels left.
You knew the following spells:

 Your Spells              Type           Power        Failure   Level  Hunger
a - Ensorcelled Hibernat  Hex/Ice        ##....       8%          2    ##.....
b - Corona                Hex            ###....      1%          1    None


Dungeon Overview and Level Annotations

Branches:
Dungeon (3/15)

Altars:
Fedhas
Zin

Shops:
D:3 *


Innate Abilities, Weirdness & Mutations

You are very small and have problems with some larger weapons.
You are too small for most types of armour.
You have supernaturally acute eyesight. (SInv)
You are a herbivore.
You cover ground extremely quickly.
You need consume almost no food.


Message History

You puncture the orc wizard!
You kill the orc wizard!
Casting: Ensorcelled Hibernation
Confirm with . or Enter, or press ? or * to list all spells.
Aiming: Ensorcelled Hibernation
Press: ? - help, Shift-Dir - straight line, f - orc
Aim: an orc, wielding a short sword (chance to defeat MR: 61%)
The orc resists with significant effort.
The orc misses you.
Casting: Ensorcelled Hibernation
Confirm with . or Enter, or press ? or * to list all spells.
Aiming: Ensorcelled Hibernation
Press: ? - help, Shift-Dir - straight line, f/p - orc
Aim: an orc, wielding a short sword (chance to defeat MR: 61%)
The orc resists with significant effort.
The orc hits you with a short sword.
The orc priest invokes the aid of Beogh against you.
Beogh smites you!
You die...
Fedhas appreciates your contribution to the ecosystem.

#.#.#.# #.#..# # #.#.#.#
#.#... # ####.#.#.#
#.#+#.# # #......#.# .#
# #......#.# ... #
#......# ..#.## #
#......# ...#..# #
#...)..#######....##.# #
#......@..og.oo...##.# #
#.....##########.###.###
#.....'....... #......
#.....######## #.##.##
#.....# #.##..# #.....#
#.###.# ####### #.# #.#
########## #.# #..
.........# #.# #.


You could see an orc priest, 2 orcs and a hobgoblin.

Vanquished Creatures
  An orc wizard (D:3)
  3 adders (D:2)
  2 dart slugs
  A worm (D:2)
  3 leopard geckos
  2 orcs (D:3)
  2 giant cockroaches
  9 goblins
  5 hobgoblins
  A quokka (D:3)
  2 ball pythons
  5 bats
  4 frilled lizards
  9 kobolds
  10 rats
59 creatures vanquished.

Notes
Turn   | Place    | Note
-------+----------+-------------------------------------------
     0 | D:1      | zishaf the Spriggan Enchanter began the quest for the Orb.
     0 | D:1      | Reached XP level 1. HP: 9/9 MP: 5/5
   300 | D:1      | Reached skill level 5 in Stealth
   300 | D:1      | Reached XP level 2. HP: 13/13 MP: 6/6
   689 | D:1      | Learned a level 2 spell: Ensorcelled Hibernation
  1327 | D:2      | Reached XP level 3. HP: 16/16 MP: 9/9
  1803 | D:2      | Found a blossoming altar of Fedhas.
  2031 | D:2      | Became a worshipper of Fedhas Madash
  2204 | D:2      | Reached XP level 4. HP: 21/21 MP: 6/11
  2772 | D:3      | Found Zin's Purification Station.
  2775 | D:3      | Found a glowing silver altar of Zin.
  3144 | D:3      | Reached skill level 5 in Hexes
  3260 | D:3      | Killed from afar by an orc priest

Skill      XL: |  1  2  3  4 |
---------------+-------------+-----
Stealth        | 5 |  5.0
Spellcasting   | 3 4 |  4.6
Hexes          | 4 5 |  5.2
Short Blades   | |  1.1
Dodging        | |  3.0

Action                   |  1- 3 |  4- 6 || total
-------------------------+-------+-------++-------
Melee: Dagger            |   148 |    35 ||   183
 Cast: Ensorcelled Hiber |     7 |    14 ||    21
 Stab: Sleeping          |    21 |     8 ||    29
Armor: Robe              |    15 |     3 ||    18
Dodge: Dodged            |   106 |    23 ||   129
